 Dungeon Crawl Stone Soup version 0.30.0-19-g36f170ea60 (webtiles) character file.

Game seed: 15758323822726634547

268 Sabo the Chopper (level 6, 0/46 HPs)
             Began as a Demonspawn Gladiator on June 1, 2023.
             Succumbed to Robin's poison
             ... on level 3 of the Dungeon.
             The game lasted 00:11:25 (2598 turns).

Sabo the Chopper (Demonspawn Gladiator)             Turns: 2598, Time: 00:11:25

Health: 0/46       AC: 10    Str: 17    XL:     6   Next: 1%
Magic:  6/6        EV:  8    Int:  9    God:
Gold:   108        SH:  6    Dex: 14    Spells: 5/5 levels left

rFire   . . .        a - +0 war axe
rCold   . . .        (no shield)
rNeg    + . .        v - +0 chain mail
rPois   .            c - +0 helmet
rElec   .            k - +0 cloak
rCorr   .            (no gloves)
SInv    .            (no boots)
Will    .....        (no amulet) Stlth
                     h - ring of positive energy
HPRegen 1.27/turn    (no ring)
MPRegen 0.10/turn

%: no passive effects
@: lethally poisoned (0 -> -8)
A: large bone plates 2, powered by death 1
a: no special abilities


You were on level 3 of the Dungeon.
You visited 1 branch of the dungeon, and saw 3 of its levels.
You also visited: Sewer.

You collected 108 gold pieces.

Inventory:

Hand Weapons
 a - a +0 war axe (weapon)
 b - a +2 dagger of venom
Missiles
 d - 3 throwing nets (quivered)
 e - a javelin
 l - 5 datura-tipped darts
Armour
 c - a +0 helmet (worn)
 k - a +0 cloak (worn)
 v - a +0 chain mail (worn)
Jewellery
 h - a ring of positive energy (left hand)
Scrolls
 f - a scroll of enchant weapon {unknown}
 j - a scroll of blinking {unknown}
 n - 2 scrolls of identify {unknown}
 o - a scroll of vulnerability {unknown}
 q - 2 scrolls of teleportation {unknown}
 r - a scroll of magic mapping {unknown}
Potions
 g - a potion of cancellation {unknown}
 i - 2 potions of curing
 m - a potion of attraction {unknown}
 p - a potion of flight {unknown}
 s - a potion of invisibility {unknown}
 t - 3 potions of brilliance {unknown}
 u - a potion of heal wounds {unknown}


   Skills:
 + Level 2.7 Fighting
 + Level 5.1 Axes
 + Level 1.9 Throwing
 + Level 1.1 Armour
 + Level 3.2 Dodging
 + Level 0.5 Stealth
 + Level 0.5 Shields


You had 5 spell levels left.
You didn't know any spells.
Your spell library contained the following spells:

 Spells                   Type           Power      Damage    Failure   Level
 Sandblast                Erth           0%         2d4       99%         1
 Shock                    Conj/Air       0%         1d3       99%         1
 Cigotuvi's Dreadful Rot  Necr/Pois/Air  0%         N/A       100%        2
 Lesser Beckoning         Tloc           0%         N/A       100%        2
 Passwall                 Tmut/Erth      0%         N/A       100%        2
 Stone Arrow              Conj/Erth      0%         3d7       100%        3
 Swiftness                Air            0%         N/A       100%        3
 Teleport Other           Tloc           0%         N/A       100%        3
 Airstrike                Air            0%         2d(0-16)  100%        4
 Malign Gateway           Summ/Tloc      0%         N/A       100%        7


Dungeon Overview and Level Annotations

Branches:
Dungeon (3/15)              Sewer (visited)

Altars:

Shops:
D:1 :

Annotations:
D:3 Robin


Innate Abilities, Weirdness & Mutations

You are mostly covered in large bone plates. (SH +6)
You regenerate a little health from kills.


Message History

You feel very sick. You block Robin's attack.
You hit the hobgoblin.
You kill the hobgoblin!
You feel very sick. You block Robin's attack.
Robin hits you but does no damage.
You are more poisoned.
You feel very sick.
Robin hits you with a +4 trident of venom.
You are more poisoned.
There is an open door, spattered with blood here.
Items here: ( )) †††.
You feel very sick. You block Robin's attack.
You closely miss Robin.
You feel very sick. Robin misses you.
You closely miss Robin.
You feel very sick.
Robin hits you with a +4 trident of venom.
You are more poisoned.
You hit Robin.
Robin is moderately wounded.
You feel very sick. You block Robin's attack.
You hit Robin.
Robin is heavily wounded.
You feel very sick. Robin hits you but does no damage.
You are more poisoned.
You block Robin's attack.
You slash Robin!
Robin is almost dead.
* * * LOW HITPOINT WARNING * * *
You feel very sick.
Robin hits you with a +4 trident of venom.
* * * LOW HITPOINT WARNING * * *
You barely miss Robin.
Robin is almost dead.
You die...

.............#######...
...........).# ..
............†#
.............#
.............# #
#............# .#######.
#............# #.......+
#............###g.......
#............).)@.......
#............###........
#............# #........
#............# #........
#............# #........
#............# #........
#..............+........
################........


You could see Robin.

Vanquished Creatures
  2 jellies (Sewer)
  Jessica (D:2)
  Terence (D:2)
  4 adders
  3 river rats (Sewer)
  A worm (Sewer)
  2 dart slugs (D:2)
  An orc (D:3)
  4 bats
  9 endoplasms
  5 giant cockroaches
  8 goblins
  9 hobgoblins
  6 jackals (D:1)
  9 kobolds
  6 quokkas
  6 ball pythons
  3 frilled lizards
  6 rats
86 creatures vanquished.

Notes
Turn   | Place    | Note
-------+----------+-------------------------------------------
     0 | D:1      | Sabo the Demonspawn Gladiator began the quest for the Orb.
     0 | D:1      | Reached XP level 1. HP: 16/16 MP: 1/1
   171 | D:1      | Got Bajom's Enchiridion on Points and the Stinger
   183 | D:1      | Gained mutation: You are partially covered in large bone
                  | plates. (SH +4) [demonic ancestry]
   183 | D:1      | Reached XP level 2. HP: 22/22 MP: 2/2
   206 | D:1      | Reached skill level 3 in Axes
   328 | D:1      | Found Besh's Book Boutique.
   683 | D:1      | Gained mutation: You regenerate a little health from kills.
                  | [demonic ancestry]
   683 | D:1      | Reached XP level 3. HP: 27/27 MP: 3/3
   774 | D:2      | Noticed Terence
   783 | D:2      | Killed Terence
   831 | D:2      | Noticed Jessica
   861 | D:2      | Killed Jessica
   862 | D:2      | Reached XP level 4. HP: 16/34 MP: 4/4
   984 | D:2      | Reached skill level 4 in Axes
  1923 | D:3      | Found a glowing drain.
  1940 | Sewer    | Entered a sewer
  2020 | Sewer    | Gained mutation: You are mostly covered in large bone
                  | plates. (SH +6) [demonic ancestry]
  2020 | Sewer    | Reached XP level 5. HP: 39/39 MP: 5/5
  2217 | Sewer    | Reached skill level 1 in Armour
  2405 | Sewer    | Found a shimmering altar of Xom.
  2423 | Sewer    | Reached skill level 5 in Axes
  2560 | D:3      | Noticed Robin
  2589 | D:3      | Reached XP level 6. HP: 35/46 MP: 6/6
  2598 | D:3      | Succumbed to Robin's poison

Illustrated notes

Levels and vault maps discovered:
D:1:      scummos_arrival_checkerplants, layout_loops_ring, serial_shops, shop
D:2:      layout_basic, uniq_terence, uniq_jessica
D:3:      layout_basic, serial_shops, shop, portal_sewer_entry_f, uniq_robin,
          uniq_ijyb

Skill      XL: |  1  2  3  4  5 |
---------------+----------------+-----
Axes           | 3 4 5 |  5.1
Dodging        | 3 |  3.2
Armour         | 1 |  1.1
Fighting       | |  2.7
Throwing       | |  1.9
Stealth        | |  0.5
Shields        | |  0.5

Action                     |  1- 3 |  4- 6 || total
---------------------------+-------+-------++-------
  Melee: War axe           |    82 |   152 ||   234
 Armour: Leather armour    |    14 |       ||    14
         Scale mail        |     2 |    44 ||    46
         Chain mail        |       |    30 ||    30
  Dodge: Dodged            |    69 |    76 ||   145
  Block: Other             |    11 |    49 ||    60
